 Dungeon Crawl Stone Soup version 0.30-a0-568-g124715a40b (webtiles) character file.

Game seed: 10993137724981624644

116 Twinkles the Ruffian (level 4, 0/45 HPs)
             Began as a Troll Fighter on Dec 29, 2022.
             Slain by a demonic crawler (11 damage)
             ... on level 1 of the Abyss.
             The game lasted 00:06:39 (2144 turns).

Twinkles the Ruffian (Troll Fighter)                Turns: 2144, Time: 00:06:40

Health: 0/45       AC:  4    Str: 32    XL:     4   Next: 69%
Magic:  3/3        EV: 10    Int:  4    God:
Gold:   144        SH:  0    Dex:  9    Spells: 3/3 levels left

rFire   . . .      SeeInvis .      - Unarmed
rCold   . . .      Faith    .    m - orb {*Rage}
rNeg    . . .      Spirit   .    a - +0 robe
rPois   .          Reflect  .    (helmet restricted)
rElec   .          Harm     .    (no cloak)
rCorr   .          Rampage  .    (gloves unavailable)
Will    +....      Rage     20%  (boots unavailable)
Stlth   +                        (no amulet)
HPRegen 1.07/turn                k - +6 ring of strength
MPRegen 0.08/turn                r - ring of willpower

@: no status effects
A: large, unfitting armour, claws 3, regeneration 1, shaggy fur 1, tough skin 1
a: no special abilities


You were on level 1 of the Abyss.
You visited 1 branch of the dungeon, and saw 3 of its levels.
You visited the Abyss 1 time.

You collected 144 gold pieces.

Inventory:

Missiles
 i - 4 poisoned darts (quivered)
 l - a throwing net
Armour
 a - a +0 robe (worn)
 b - a +0 kite shield
 m - an orb of wrath (worn)
Jewellery
 d - a ring of positive energy
 k - a +6 ring of strength (left claw)
 r - a ring of willpower (right claw)
Scrolls
 e - 2 scrolls of blinking {unknown}
 h - 3 scrolls of noise {unknown}
 n - a scroll of amnesia {unknown}
 o - 2 scrolls of poison {unknown}
 p - 3 scrolls of identify {unknown}
Potions
 c - a potion of flight {unknown}
 f - a potion of heal wounds {unknown}
 g - a potion of invisibility {unknown}
 j - 2 potions of cancellation {unknown}
 q - 3 potions of degeneration {unknown}
 M - 4 potions of might


   Skills:
 + Level 3.0 Fighting
 + Level 3.0 Dodging
 + Level 3.3 Shields
 * Level 3.3 Unarmed Combat


You had 3 spell levels left.
You didn't know any spells.
Your spell library contained the following spells:

 Spells                   Type           Power      Damage    Failure   Level
 Cigotuvi's Dreadful Rot  Necr/Pois/Air  0%         N/A       65%         2
 Passage of Golubria      Tloc           0%         N/A       99%         4


Dungeon Overview and Level Annotations

Branches:
Dungeon (3/15) Zot: 15885

Altars:

Shops:
D:1 :


Innate Abilities, Weirdness & Mutations

You are too large for most types of armour.
You have claws for hands.
Your natural rate of healing is unusually fast.
You are covered in fur. (AC +1)
You have tough skin. (AC +1)


Message History

You completely miss the bat. The bat closely misses you.
The bat barely misses you. The bat hits you.
Found 9 stones.
The bat hits you but does no damage. x2
You claw the bat!
You kill the bat!
No target in view!
No target in view!
A goblin comes into view.
It is wielding a +1 dagger of distortion.
The goblin shouts!
You feel yourself speed up.
You recover from your berserk rage.
You barely miss the goblin. The goblin hits you but does no damage.
You closely miss the goblin.
The goblin hits you with a +1 dagger of distortion.
You are cast into the Abyss!
This branch contains the abyssal rune of Zot.
There is an empty arch of ancient stone here.
You enter the shallow water.
A smoke demon comes into view.
The smoke demon roars!
The smoke demon gestures at you. Something smites you!
You enter the shallow water.
A smoke demon comes into view.
You are suddenly pulled into a different region of the Abyss!
A demonic crawler comes into view.
The demonic crawler gives a hideous shriek!
The demonic crawler shrieks in warning! x2
You hear a shout! x2
The demonic crawler shrieks in warning!
You hear a shout!
You hear a screech!
You hear a bark!
You barely miss the demonic crawler. The demonic crawler hits you!
The demonic crawler hits you but does no damage.
The demonic crawler hits you!
You scratch the demonic crawler but do no damage.
The demonic crawler hits you!
* * * LOW HITPOINT WARNING * * *
The demonic crawler hits you!
You die...

. ### ###
##s## ..s...
.### ##### #.
## ###.#
##.s@## ## ##
#......###.#
.#
###.#....####
. #.#...#..#
#. ## ...#.##
..# #.##...#
# # #.#.. #
.##.. . ..#.


You could see a demonic crawler (catching breath).

Vanquished Creatures
  4 gnolls (D:2)
  2 adders (D:2)
  2 worms
  A dart slug (D:1)
  6 bats
  8 endoplasms
  A giant cockroach (D:1)
  4 goblins
  3 hobgoblins (D:1)
  3 jackals (D:1)
  4 quokkas (D:1)
  3 ball pythons
  5 frilled lizards
  3 kobolds
  2 rats (D:1)
51 creatures vanquished.

Notes
Turn   | Place    | Note
-------+----------+-------------------------------------------
     0 | D:1      | Twinkles the Troll Fighter began the quest for the Orb.
     0 | D:1      | Reached XP level 1. HP: 22/22 MP: 0/0
   146 | D:1      | Reached XP level 2. HP: 27/29 MP: 1/1
   377 | D:1      | Reached XP level 3. HP: 36/36 MP: 2/2
   680 | D:1      | Found Icung's Book Shoppe.
   991 | D:2      | Reached XP level 4. HP: 27/44 MP: 3/3
  1832 | D:3      | Got the Directory of Dark Shifting
  2049 | Abyss:1  | Cast into level 1 of the Abyss (goblin)
  2080 | Abyss:1  | Noticed a smoke demon
  2086 | Abyss:1  | Noticed a smoke demon
  2122 | Abyss:1  | Noticed a demonic crawler
  2144 | Abyss:1  | HP: 11/45 [demonic crawler (7)]
  2144 | Abyss:1  | Slain by a demonic crawler

Illustrated notes

Levels and vault maps discovered:
D:1:      dpeg_arrival_oval, layout_basic, serial_shops,
          nicolae_shop_behind_doors, minmay_nonomino_d4
D:2:      layout_basic, glass_columns_a, kennysheep_generic_room_8
D:3:      layout_loops_ring, ebering_ecumenical_altar_rust,
          kennysheep_generic_room_7
Abyss:1:  base: D:3, gammafunk_corrupted_shrine

Skill      XL: |  1  2  3  4 |
---------------+-------------+-----
Shields        | 3 |  3.3
Unarmed Combat | 3 |  3.3
Dodging        | 3 |  3.0
Fighting       | 3 |  3.0

Action                   |  1- 3 |  4- 6 || total
-------------------------+-------+-------++-------
Melee: Unarmed           |    77 |    48 ||   125
 Stab: Sleeping          |     1 |       ||     1
Armor: Robe              |    23 |    16 ||    39
Dodge: Dodged            |    27 |    23 ||    50
Block: Kite shield       |    29 |       ||    29

Table legend: (Time is in decaauts)
 A = Elapsed time spent in this place.
 B = Non-inter-level travel time spent in this place.
 C = Inter-level travel time spent in this place.
 D = Time resting spent in this place.
 E = Time spent auto-exploring this place.
 F = Levels seen in this place.
 G = Mean time per level.
                   A        B        C        D        E       F      G
               +--------+--------+--------+--------+--------+-----+--------+
         Total |   2208 |   2080 |    128 |    200 |   1361 |   4 |  552.0 |
       Dungeon |   2114 |   1986 |    128 |    200 |   1361 |   3 |  704.7 |
         Abyss |     94 |     94 |      0 |      0 |      0 |   1 |   94.0 |
               +--------+--------+--------+--------+--------+-----+--------+

Top non-repeatable levels by time:
     D:1: 940 daAuts
     D:2: 921 daAuts
     D:3: 252 daAuts
 Abyss:1: 94 daAuts
